Griffins vs Moose
(R1)
Created - April 8, 2025 at 23:06
Goals
|
| Griffins |
2 |
2 |
0 |
4 |
| Moose |
2 |
3 |
2 |
7 |
|
Shots
|
| Griffins |
5 |
13 |
5 |
23 |
| Moose |
12 |
19 |
10 |
41 |
|
1st period
1. Moose , Logan O'Connor 26 (Eetu Luostarinen 35, Josh Mahura 21) at 3:47
2. Moose , Caleb Jones 2 (Jake Leschyshyn 40) at 3:51
3. Griffins , Maxim Mamin 9 (Michael Bunting 1, Kevin Fiala 42) at 4:42
4. Griffins , Sonny Milano 56 (Christoffer Ehn 48) at 9:06 (PP)
Penalties :
Ludwig Bystrom (Man) for High sticking (Minor) at 0:17, Grigori Denisenko (Gra) for Interference (Minor) at 4:57, Julien Gauthier (Man) for Roughing (Minor) at 9:02, Jake Leschyshyn (Man) for Interference (Minor) at 9:17, Ludwig Bystrom (Man) for Delaying the game (Minor) at 12:36, Ludwig Bystrom (Man) for Holding (Minor) at 17:15
2nd period
5. Moose , Matthew Benning 6 (Logan O'Connor 27, Boris Katchouk 16) at 0:52
6. Moose , Eetu Luostarinen 32 (Morgan Geekie 21, Reid Boucher 4) at 1:02 (PP)
7. Griffins , Kevin Fiala 35 (Sonny Milano 60, Morgan Frost 43) at 2:12
8. Griffins , Sonny Milano 57 (Kale Clague 29, Christoffer Ehn 49) at 16:38 (PP)
9. Moose , Jake Leschyshyn 27 (Juuso Valimaki 39, Caleb Jones 11) at 18:20
Penalties :
Kevin Fiala (Gra) for Cross-checking (Minor) at 0:55, Samuel Poulin (Gra) for High sticking (Minor) at 6:12, Ian McCoshen (Gra) for Hooking (Minor) at 11:10, Kevin Fiala (Gra) for Cross-checking (Minor) at 13:49, Josh Mahura (Man) for Tripping (Minor) at 16:20, Dominic Turgeon (Gra) for Cross-checking (Minor) at 19:22
3rd period
10. Moose , Ludwig Bystrom 10 (Eetu Luostarinen 36) at 7:28 (PP)
11. Moose , Julien Gauthier 15 (Jake Leschyshyn 41, Ludwig Bystrom 37) at 8:10
Penalties :
Adam Ginning (Man) for Delaying the game (Minor) at 2:05, Kevin Fiala (Gra) for Tripping (Minor) at 6:33, Grigori Denisenko (Gra) for Delaying the game (Minor) at 8:31, Grigori Denisenko (Gra) for Slashing (Minor) at 14:47
Goalie Stats
Harru Sateri (Gra), 10 saves from 14 shots - (0.714), 21:02 minutes
Adam Werner (Gra), 24 saves from 27 shots - (0.889), L, 18-8-3, 38:58 minutes
Filip Gustavsson (Man), 19 saves from 23 shots - (0.826), W, 29-26-2, 60:00 minutes
Players Stats for Griffins
Player Name G A P +/- PIM S H SB GA TA FO MP PP MP PK MP
------------------------------------------------------------------------------------
Christoffer Ehn 0 2 2 -2 0 2 1 1 0 0 10/30 23:56 5:40 8:59
Connor McMichael 0 0 0 -2 0 0 0 1 0 0 0/1 10:01 0:06 2:00
Dominic Turgeon 0 0 0 -1 2 2 1 1 0 0 8/11 14:23 4:31 4:02
Grigori Denisenko 0 0 0 -2 6 0 4 0 0 0 0/0 14:03 4:31 0:00
Ian McCoshen 0 0 0 -2 2 1 2 1 2 0 0/0 30:48 6:36 8:29
Jack Studnicka 0 0 0 -2 0 0 1 1 0 1 1/2 16:29 0:06 8:55
Joonas Lyytinen 0 0 0 -1 0 2 2 2 0 1 0/0 18:09 0:00 6:36
Kailer Yamamoto 0 0 0 -2 0 2 0 0 0 0 1/4 13:36 4:31 0:00
Kale Clague 0 1 1 -2 0 0 1 2 0 3 0/0 21:59 6:36 0:00
Kevin Fiala 1 1 2 0 6 6 1 0 0 0 1/1 17:08 5:40 0:00
Mathieu Brodeur 0 0 0 0 0 0 0 3 0 0 0/0 1:32 0:00 0:14
Maxim Mamin 1 0 1 0 0 2 1 0 0 0 1/3 7:28 0:06 0:00
Michael Bunting 0 1 1 1 0 0 0 0 0 1 1/1 7:53 0:00 1:04
Morgan Frost 0 1 1 0 0 0 2 1 1 0 10/19 20:29 3:41 4:50
Philip Broberg 0 0 0 0 0 0 1 0 0 0 0/0 11:52 0:00 4:15
Samuel Poulin 0 0 0 1 2 0 0 0 0 0 0/0 6:09 0:00 0:00
Sebastian Ahaut 0 0 0 -1 0 0 0 2 0 1 0/0 16:29 3:41 0:46
Sonny Milano 2 1 3 0 0 6 4 0 3 0 0/1 17:06 5:40 0:00
Tyler Lewington 0 0 0 0 0 0 2 1 0 0 0/0 15:26 0:00 9:30
Players Stats for Moose
Player Name G A P +/- PIM S H SB GA TA FO MP PP MP PK MP
------------------------------------------------------------------------------------
Adam Ginning 0 0 0 0 2 0 0 2 0 0 0/0 7:22 0:00 0:06
Aliaksei Protas 0 0 0 0 0 1 0 0 0 0 1/1 7:48 0:04 0:00
Axel Jonsson-Fjallby 0 0 0 0 0 2 0 0 1 0 0/0 7:29 0:00 0:00
Boris Katchouk 0 1 1 1 0 3 0 0 0 0 0/0 9:31 0:00 0:06
Caleb Jones 1 1 2 1 0 5 2 1 0 0 0/0 23:11 5:37 5:19
Eetu Luostarinen 1 2 3 1 0 1 3 0 1 0 0/2 24:06 8:05 5:48
Jake Leschyshyn 1 2 3 2 2 1 3 0 0 1 11/17 18:32 6:50 3:08
John Beecher 0 0 0 0 0 0 1 0 0 0 2/6 7:29 0:00 0:00
Josh Mahura 0 1 1 0 2 1 2 2 0 0 0/0 12:33 0:00 2:23
Julien Gauthier 1 0 1 2 2 4 1 0 0 0 0/0 15:17 6:50 0:00
Juuso Valimaki 0 1 1 1 0 4 3 2 1 0 0/0 22:28 5:37 4:06
Logan O'Connor 1 1 2 1 0 5 0 1 1 1 0/0 12:08 0:04 1:27
Ludwig Bystrom 1 1 2 2 6 7 5 0 1 1 0/0 26:17 9:18 2:29
Matthew Benning 1 0 1 2 0 2 2 1 0 3 0/0 29:01 9:18 6:11
Mitchell Stephens 0 0 0 0 0 1 0 0 0 0 5/12 8:32 0:00 0:19
Morgan Barron 0 0 0 2 0 0 2 0 1 0 0/0 19:46 6:50 4:09
Morgan Geekie 0 1 1 0 0 2 4 1 1 0 0/0 15:39 8:01 0:00
Reid Boucher 0 1 1 0 0 2 1 0 0 0 21/35 22:27 8:01 5:37
3 Stars
1 - Eetu Luostarinen (Man)
2 - Jake Leschyshyn (Man)
3 - Sonny Milano (Gra)
Power Play
Griffins - 2 on 7 Attempt(s) - 28.57%
Moose - 2 on 9 Attempt(s) - 22.22%
Penalty Kill
Griffins - 7 on 9 Attempt(s) - 77.78%
- Score 0 goal in Penalty Kill
Moose - 5 on 7 Attempt(s) - 71.43%
- Score 0 goal in Penalty Kill
Team Stat
Griffins - Hits : 23 - Faceoff Wins : 33 - Blocked Shots : 16 - Penalty Minutes : 18
Moose - Hits : 29 - Faceoff Wins : 40 - Blocked Shots : 10 - Penalty Minutes : 14
Official
Referees : Francis Charron and Trevor Hanson
Linesman : Tony Sericolo and Kory Nagy
Game Notes
Mathieu Brodeur is injured at 5:48 of 1st period (Bruised Left Shoulder)
Adam Werner enters game at 1:02 of 2nd period
Adam Ginning is injured at 5:22 of 3rd period (Bruised Right Foot)
Finance
Level 1 -- Attendance: 1945 (97.25%) -- Ticket Income $136,150
Level 2 -- Attendance: 956 (95.60%) -- Ticket Income $38,240
Total Attendance: 2901 (96.70%)
Total Ticket Income: $174,390
Other Income: $8,720
Total Income: $183,110
Griffins
5 vs 5 Forward
Center Left Wing Right Wing Time % Phy DF OF
1 Morgan Frost Sonny Milano Kevin Fiala 40 1 2 2
2 Christoffer Ehn Grigori Denisenko Kailer Yamamoto 30 1 2 2
3 Dominic Turgeon Connor McMichael Jack Studnicka 20 1 2 2
4 Maxim Mamin Michael Bunting Samuel Poulin 10 1 2 2
5 vs 5 Defense
Defense Defense Time % Phy DF OF
1 Ian McCoshen Kale Clague 40 1 2 2
2 Mathieu Brodeur Joonas Lyytinen 30 1 2 2
3 Sebastian Ahaut Philip Broberg 20 1 2 2
4 Sebastian Ahaut Tyler Lewington 10 1 2 2
PowerPlay Forward
Center Left Wing Right Wing Time % Phy DF OF
1 Christoffer Ehn Sonny Milano Kevin Fiala 60 1 2 2
2 Dominic Turgeon Grigori Denisenko Kailer Yamamoto 40 1 2 2
PowerPlay Defense
Defense Defense Time % Phy DF OF
1 Ian McCoshen Kale Clague 60 1 2 2
2 Morgan Frost Sebastian Ahaut 40 1 2 2
Penalty Kill 4 Players Forward
Center Wing Time % Phy DF OF
1 Christoffer Ehn Jack Studnicka 60 1 2 2
2 Dominic Turgeon Morgan Frost 40 1 2 2
Penalty Kill 4 Players Defense
Defense Defense Time % Phy DF OF
1 Ian McCoshen Tyler Lewington 60 1 2 2
2 Mathieu Brodeur Joonas Lyytinen 40 1 2 2
Penalty Kill - 3 Players Forward
Forward Time % Phy DF OF
1 Christoffer Ehn 60 1 2 2
2 Dominic Turgeon 40 1 2 2
Penalty Kill - 3 Players Defense
Defense Defense Time % Phy DF OF
1 Ian McCoshen Tyler Lewington 60 1 2 2
2 Mathieu Brodeur Joonas Lyytinen 40 1 2 2
4 vs 4 Forward
Center Wing Time % Phy DF OF
1 Christoffer Ehn Sonny Milano 60 1 2 2
2 Kevin Fiala Kailer Yamamoto 40 1 2 2
4 vs 4 Defense
Defense Defense Time % Phy DF OF
1 Ian McCoshen Kale Clague 60 1 2 2
2 Mathieu Brodeur Joonas Lyytinen 40 1 2 2
Last Minutes Offensive
Center Left Wing Right Wing Defense Defense
Christoffer Ehn Sonny Milano Kevin Fiala Ian McCoshen Kale Clague
Last Minutes Defensive
Center Left Wing Right Wing Defense Defense
Christoffer Ehn Dominic Turgeon Kevin Fiala Tyler Lewington Mathieu Brodeur
Goaltenders
Starting : Harru Sateri
Backup : Adam Werner
Extra Forwards
Normal : Morgan Frost, Grigori Denisenko, Connor McMichael - PP : Connor McMichael, Maxim Mamin - PK : Connor McMichael
Extra Defensemen
Normal : Sebastian Ahaut, Tyler Lewington, Philip Broberg - PP : Sebastian Ahaut - PK : Tyler Lewington, Philip Broberg
Penalty Shots
Sonny Milano, Kevin Fiala, Kailer Yamamoto, Christoffer Ehn, Jack Studnicka
Custom OT Lines Forwards
Christoffer Ehn, Sonny Milano, Kevin Fiala, Dominic Turgeon, Kailer Yamamoto, Morgan Frost, Grigori Denisenko, Connor McMichael, Maxim Mamin, Michael Bunting
Custom OT Lines Defensemen
Ian McCoshen, Kale Clague, Mathieu Brodeur, Joonas Lyytinen, Sebastian Ahaut
Scratches
Brycen Martin (Healthy), Scott Reedy (Healthy), Jack Ramsey (Healthy), Conor Timmins (Healthy), Oskar Steen (Healthy)
Nick Swaney (Healthy), Dominik Bokk (Healthy), Viktor Lodin (Healthy), Vladislav Kolyachonok (Healthy), Ivan Prosvetov (Healthy)
Philippe Desrosiers (Healthy)
Moose
5 vs 5 Forward
Center Left Wing Right Wing Time % Phy DF OF
1 Reid Boucher Eetu Luostarinen Morgan Geekie 35 1 2 2
2 Jake Leschyshyn Morgan Barron Julien Gauthier 30 1 2 2
3 Mitchell Stephens Boris Katchouk Logan O'Connor 20 1 2 2
4 John Beecher Axel Jonsson-Fjallby Aliaksei Protas 15 1 2 2
5 vs 5 Defense
Defense Defense Time % Phy DF OF
1 Ludwig Bystrom Matthew Benning 40 1 2 2
2 Juuso Valimaki Caleb Jones 30 1 2 2
3 Josh Mahura Adam Ginning 20 1 2 2
4 Ludwig Bystrom Matthew Benning 10 1 2 2
PowerPlay Forward
Center Left Wing Right Wing Time % Phy DF OF
1 Reid Boucher Eetu Luostarinen Morgan Geekie 60 1 2 2
2 Jake Leschyshyn Morgan Barron Julien Gauthier 40 1 2 2
PowerPlay Defense
Defense Defense Time % Phy DF OF
1 Ludwig Bystrom Matthew Benning 60 1 2 2
2 Juuso Valimaki Caleb Jones 40 1 2 2
Penalty Kill 4 Players Forward
Center Wing Time % Phy DF OF
1 Reid Boucher Eetu Luostarinen 60 1 2 2
2 Jake Leschyshyn Morgan Barron 40 1 2 2
Penalty Kill 4 Players Defense
Defense Defense Time % Phy DF OF
1 Ludwig Bystrom Matthew Benning 60 1 2 2
2 Juuso Valimaki Caleb Jones 40 1 2 2
Penalty Kill - 3 Players Forward
Forward Time % Phy DF OF
1 Reid Boucher 60 1 2 2
2 Jake Leschyshyn 40 1 2 2
Penalty Kill - 3 Players Defense
Defense Defense Time % Phy DF OF
1 Ludwig Bystrom Matthew Benning 60 1 2 2
2 Juuso Valimaki Caleb Jones 40 1 2 2
4 vs 4 Forward
Center Wing Time % Phy DF OF
1 Reid Boucher Eetu Luostarinen 60 1 2 2
2 Jake Leschyshyn Morgan Barron 40 1 2 2
4 vs 4 Defense
Defense Defense Time % Phy DF OF
1 Ludwig Bystrom Matthew Benning 60 1 2 2
2 Juuso Valimaki Caleb Jones 40 1 2 2
Last Minutes Offensive
Center Left Wing Right Wing Defense Defense
Reid Boucher Eetu Luostarinen Morgan Geekie Ludwig Bystrom Matthew Benning
Last Minutes Defensive
Center Left Wing Right Wing Defense Defense
Reid Boucher Eetu Luostarinen Morgan Geekie Ludwig Bystrom Matthew Benning
Goaltenders
Starting : Filip Gustavsson
Backup : Daniel Vladar
Extra Forwards
Normal : Logan O'Connor, Morgan Barron, Boris Katchouk - PP : Logan O'Connor, Morgan Barron - PK : Logan O'Connor
Extra Defensemen
Normal : Caleb Jones, Josh Mahura, Adam Ginning - PP : Caleb Jones - PK : Caleb Jones, Josh Mahura
Penalty Shots
Eetu Luostarinen, Reid Boucher, Morgan Geekie, Julien Gauthier, Logan O'Connor
Custom OT Lines Forwards
Eetu Luostarinen, Reid Boucher, Morgan Geekie, Julien Gauthier, Logan O'Connor, Morgan Barron, Boris Katchouk, Jake Leschyshyn, Axel Jonsson-Fjallby, Mitchell Stephens
Custom OT Lines Defensemen
Ludwig Bystrom, Matthew Benning, Juuso Valimaki, Caleb Jones, Josh Mahura
Scratches
Anders Bjork (Healthy), Riley Damiani (Torn Left MCL Injury), Alexander Khovanov (Healthy), Jaret Anderson-Dolan (Healthy), Nick Paul (Healthy)
Joey Keane (Bruised Left Shoulder Injury), Jonny Tychonick (Healthy), Max Jones (Healthy), Nathan Bastian (Healthy), William Bitten (Healthy)
Jonatan Berggren (Healthy), Juuso Parssinen (Healthy), Lukas Rousek (Healthy), Olle Eriksson Ek (Healthy), Karel Vejmelka (Healthy)
% Time on Ice - Griffins
Lines # - Real PCT - Wanted PCT - Time Play
Normal Forward
1 - 40% - 40% - 14:05
2 - 26% - 30% - 9:05
3 - 17% - 20% - 5:47
4 - 17% - 10% - 5:51
Normal Defense
1 - 45% - 40% - 15:47
2 - 35% - 30% - 12:08
3 - 15% - 20% - 5:14
4 - 5% - 10% - 1:39
PP Forward
1 - 56% - 60% - 5:46
2 - 44% - 40% - 4:31
PP Defense
1 - 64% - 60% - 6:36
2 - 36% - 40% - 3:41
PK Forward
1 - 69% - 60% - 10:18
2 - 31% - 40% - 4:37
PK Defense
1 - 62% - 60% - 9:16
2 - 38% - 40% - 5:39
PK3 Forward
1 - 0% - 60%
2 - 0% - 40%
PK3 Defense
1 - 0% - 60%
2 - 0% - 40%
44 Forward
1 - 0% - 60%
2 - 0% - 40%
44 Defense
1 - 0% - 60%
2 - 0% - 40%
Last Minute Offensive - 0:00
Last Minute Defensive - 0:00
Total
Forward - 60:00
Defense - 60:00
|
% Time on Ice - Moose
Lines # - Real PCT - Wanted PCT - Time Play
Normal Forward
1 - 31% - 35% - 10:39
2 - 24% - 30% - 8:31
3 - 23% - 20% - 8:09
4 - 22% - 15% - 7:29
Normal Defense
1 - 41% - 40% - 14:25
2 - 29% - 30% - 10:05
3 - 30% - 20% - 10:18
4 - 0% - 10% - 0:00
PP Forward
1 - 54% - 60% - 8:05
2 - 46% - 40% - 6:50
PP Defense
1 - 62% - 60% - 9:18
2 - 38% - 40% - 5:37
PK Forward
1 - 63% - 60% - 6:29
2 - 37% - 40% - 3:48
PK Defense
1 - 61% - 60% - 6:17
2 - 39% - 40% - 4:00
PK3 Forward
1 - 0% - 60%
2 - 0% - 40%
PK3 Defense
1 - 0% - 60%
2 - 0% - 40%
44 Forward
1 - 0% - 60%
2 - 0% - 40%
44 Defense
1 - 0% - 60%
2 - 0% - 40%
Last Minute Offensive - 0:00
Last Minute Defensive - 0:00
Total
Forward - 60:00
Defense - 60:00
|
Play-by-Play
1st period
0:01 of 1st period - Reid Boucher wins face-off versus Sonny Milano in neutral zone.
0:17 of 1st period - Minor Penalty to Ludwig Bystrom for High sticking.
0:18 of 1st period - Reid Boucher wins face-off versus Christoffer Ehn in Moose zone.
0:44 of 1st period - Ian McCoshen is hit by Jake Leschyshyn and loses puck.
2:17 of 1st period - Penalty to Ludwig Bystrom is over, Ludwig Bystrom is back on ice.
2:26 of 1st period - Eetu Luostarinen is hit by Maxim Mamin and loses puck.
2:50 of 1st period - Snap shot by Logan O'Connor.
2:50 of 1st period - Shot Blocked by Connor McMichael.
3:14 of 1st period - Snap shot by Logan O'Connor.
3:14 of 1st period - Stopped by Harru Sateri with a rebound.
3:16 of 1st period - Wrist shot by Boris Katchouk.
3:16 of 1st period - Stopped by Harru Sateri with a rebound.
3:18 of 1st period - Slapshot by Matthew Benning.
3:18 of 1st period - Stopped by Harru Sateri with a rebound.
3:20 of 1st period - Snap shot by Josh Mahura.
3:20 of 1st period - Shot Blocked by Joonas Lyytinen.
3:39 of 1st period - Snap shot by Logan O'Connor.
3:39 of 1st period - Shot Blocked by Joonas Lyytinen.
3:41 of 1st period - Snap shot by Logan O'Connor.
3:41 of 1st period - Shot Blocked by Mathieu Brodeur.
3:45 of 1st period - Wrist shot by Eetu Luostarinen.
3:45 of 1st period - Shot Blocked by Mathieu Brodeur.
3:47 of 1st period - Snap shot by Logan O'Connor.
3:47 of 1st period - Goal by Logan O'Connor - Griffins : 0 - Moose : 1.
3:48 of 1st period - Jake Leschyshyn wins face-off versus Kailer Yamamoto in neutral zone.
3:51 of 1st period - Slapshot by Caleb Jones.
3:51 of 1st period - Deflect By Ian McCoshen.
3:51 of 1st period - Goal by Caleb Jones - Griffins : 0 - Moose : 2.
3:52 of 1st period - Jake Leschyshyn wins face-off versus Kailer Yamamoto in neutral zone.
4:17 of 1st period - Caleb Jones is hit by Sonny Milano and loses puck.
4:42 of 1st period - Wrist shot by Maxim Mamin.
4:42 of 1st period - Goal by Maxim Mamin - Griffins : 1 - Moose : 2.
4:43 of 1st period - Jake Leschyshyn wins face-off versus Christoffer Ehn in neutral zone.
4:57 of 1st period - Minor Penalty to Grigori Denisenko for Interference.
4:58 of 1st period - Reid Boucher wins face-off versus Jack Studnicka in Griffins zone.
5:12 of 1st period - Slapshot by Ludwig Bystrom.
5:12 of 1st period - Stopped by Harru Sateri with a rebound.
5:14 of 1st period - Snap shot by Eetu Luostarinen.
5:14 of 1st period - Shot Misses the Net.
5:34 of 1st period - Wrist shot by Julien Gauthier.
5:34 of 1st period - Deflect By Jake Leschyshyn.
5:34 of 1st period - Shot Misses the Net.
5:34 of 1st period - Puck is out of play.
5:35 of 1st period - Reid Boucher wins face-off versus Christoffer Ehn in Griffins zone.
5:46 of 1st period - Slapshot by Morgan Geekie.
5:46 of 1st period - Shot Misses the Net.
5:48 of 1st period - Slapshot by Caleb Jones.
5:48 of 1st period - Shot Blocked by Mathieu Brodeur.
5:48 of 1st period - Mathieu Brodeur from Griffins is injured at 5:48 of 1st period (Bruised Left Shoulder).
5:49 of 1st period - Reid Boucher wins face-off versus Christoffer Ehn in Griffins zone.
6:00 of 1st period - Snap shot by Ludwig Bystrom.
6:00 of 1st period - Stopped by Harru Sateri without a rebound.
6:01 of 1st period - Christoffer Ehn wins face-off versus Reid Boucher in Griffins zone.
6:57 of 1st period - Penalty to Grigori Denisenko is over, Grigori Denisenko is back on ice.
7:09 of 1st period - Mitchell Stephens is hit by Philip Broberg and loses puck.
7:34 of 1st period - Icing by Kevin Fiala.
7:35 of 1st period - John Beecher wins face-off versus Morgan Frost in Griffins zone.
8:22 of 1st period - Slapshot by Ludwig Bystrom.
8:22 of 1st period - Stopped by Harru Sateri without a rebound.
8:23 of 1st period - Dominic Turgeon wins face-off versus Mitchell Stephens in Griffins zone.
8:34 of 1st period - Slapshot by Juuso Valimaki.
8:34 of 1st period - Shot Misses the Net.
8:36 of 1st period - Snap shot by Juuso Valimaki.
8:36 of 1st period - Stopped by Harru Sateri without a rebound.
8:37 of 1st period - Jake Leschyshyn wins face-off versus Christoffer Ehn in Griffins zone.
8:40 of 1st period - Snap shot by Julien Gauthier.
8:40 of 1st period - Stopped by Harru Sateri without a rebound.
8:41 of 1st period - Jake Leschyshyn wins face-off versus Christoffer Ehn in Griffins zone.
9:02 of 1st period - Minor Penalty to Julien Gauthier for Roughing.
9:03 of 1st period - Christoffer Ehn wins face-off versus Reid Boucher in Moose zone.
9:04 of 1st period - Slapshot by Sonny Milano.
9:04 of 1st period - Shot Misses the Net.
9:06 of 1st period - Slapshot by Sonny Milano.
9:06 of 1st period - Goal by Sonny Milano - Griffins : 2 - Moose : 2.
9:07 of 1st period - Dominic Turgeon wins face-off versus Jake Leschyshyn in neutral zone.
9:10 of 1st period - Snap shot by Ian McCoshen.
9:10 of 1st period - Shot Blocked by Matthew Benning.
9:12 of 1st period - Slapshot by Kale Clague.
9:12 of 1st period - Shot Misses the Net.
9:17 of 1st period - Minor Penalty to Jake Leschyshyn for Interference.
9:18 of 1st period - Reid Boucher wins face-off versus Christoffer Ehn in Moose zone.
10:41 of 1st period - Ian McCoshen is hit by Morgan Barron.
10:57 of 1st period - Morgan Barron is hit by Grigori Denisenko and loses puck.
11:17 of 1st period - Penalty to Jake Leschyshyn is over, Jake Leschyshyn is back on ice.
11:34 of 1st period - Slapshot by Ludwig Bystrom.
11:34 of 1st period - Stopped by Harru Sateri without a rebound.
11:35 of 1st period - Michael Bunting wins face-off versus Mitchell Stephens in Griffins zone.
11:46 of 1st period - Wrist shot by Maxim Mamin.
11:46 of 1st period - Stopped by Filip Gustavsson with a rebound.
11:48 of 1st period - Snap shot by Philip Broberg.
11:48 of 1st period - Shot Blocked by Josh Mahura.
11:58 of 1st period - Jack Studnicka is hit by Josh Mahura and loses puck.
12:36 of 1st period - Minor Penalty to Ludwig Bystrom for Delaying the game.
12:37 of 1st period - Reid Boucher wins face-off versus Christoffer Ehn in Moose zone.
14:26 of 1st period - Morgan Barron is hit by Kevin Fiala and loses puck.
14:36 of 1st period - Penalty to Ludwig Bystrom is over, Ludwig Bystrom is back on ice.
15:17 of 1st period - Snap shot by Logan O'Connor.
15:17 of 1st period - Deflect By Ludwig Bystrom.
15:17 of 1st period - Stopped by Harru Sateri without a rebound.
15:18 of 1st period - Dominic Turgeon wins face-off versus John Beecher in Griffins zone.
15:23 of 1st period - Sebastian Ahaut is hit by John Beecher.
15:24 of 1st period - Icing by Sebastian Ahaut.
15:25 of 1st period - Dominic Turgeon wins face-off versus John Beecher in Griffins zone.
16:35 of 1st period - Snap shot by Boris Katchouk.
16:35 of 1st period - Shot Blocked by Sebastian Ahaut.
16:45 of 1st period - Sebastian Ahaut is hit by Matthew Benning and loses puck.
16:55 of 1st period - Off-side.
16:56 of 1st period - John Beecher wins face-off versus Morgan Frost in neutral zone.
17:07 of 1st period - Axel Jonsson-Fjallby is hit by Joonas Lyytinen and loses puck.
17:12 of 1st period - Snap shot by Sonny Milano.
17:12 of 1st period - Stopped by Filip Gustavsson without a rebound.
17:13 of 1st period - Reid Boucher wins face-off versus Kailer Yamamoto in Moose zone.
17:15 of 1st period - Minor Penalty to Ludwig Bystrom for Holding.
17:16 of 1st period - Reid Boucher wins face-off versus Christoffer Ehn in Moose zone.
17:26 of 1st period - Snap shot by Kevin Fiala.
17:26 of 1st period - Stopped by Filip Gustavsson with a rebound.
17:28 of 1st period - Slapshot by Ian McCoshen.
17:28 of 1st period - Shot Misses the Net.
17:30 of 1st period - Snap shot by Kevin Fiala.
17:30 of 1st period - Shot Misses the Net.
17:32 of 1st period - Snap shot by Sonny Milano.
17:32 of 1st period - Shot Blocked by Caleb Jones.
17:51 of 1st period - Morgan Barron is hit by Grigori Denisenko and loses puck.
18:23 of 1st period - Icing by Kailer Yamamoto.
18:24 of 1st period - Dominic Turgeon wins face-off versus Reid Boucher in Griffins zone.
19:09 of 1st period - Kale Clague is hit by Jake Leschyshyn and loses puck.
19:15 of 1st period - Penalty to Ludwig Bystrom is over, Ludwig Bystrom is back on ice.
19:41 of 1st period - Wrist shot by Dominic Turgeon.
19:41 of 1st period - Shot Misses the Net.
19:43 of 1st period - Slapshot by Joonas Lyytinen.
19:43 of 1st period - Deflect By Dominic Turgeon.
19:43 of 1st period - Shot Misses the Net.
19:43 of 1st period - Puck is out of play.
19:44 of 1st period - Jake Leschyshyn wins face-off versus Dominic Turgeon in Moose zone.
19:58 of 1st period - Off-side.
19:59 of 1st period - Morgan Frost wins face-off versus Mitchell Stephens in neutral zone.
Goals for this period are 2 for Griffins vs 2 for Moose.
Shots for this period are 5 for Griffins vs 12 for Moose.
2nd period
0:01 of 2nd period - Jake Leschyshyn wins face-off versus Morgan Frost in neutral zone.
0:30 of 2nd period - Snap shot by Morgan Geekie.
0:30 of 2nd period - Shot Blocked by Kale Clague.
0:50 of 2nd period - Snap shot by Logan O'Connor.
0:50 of 2nd period - Shot Blocked by Dominic Turgeon.
0:52 of 2nd period - Slapshot by Matthew Benning.
0:52 of 2nd period - Deflect By Dominic Turgeon.
0:52 of 2nd period - Goal by Matthew Benning - Griffins : 2 - Moose : 3.
0:53 of 2nd period - Morgan Frost wins face-off versus Jake Leschyshyn in neutral zone.
0:55 of 2nd period - Minor Penalty to Kevin Fiala for Cross-checking.
0:56 of 2nd period - Reid Boucher wins face-off versus Christoffer Ehn in Griffins zone.
1:02 of 2nd period - Wrist shot by Eetu Luostarinen.
1:02 of 2nd period - Goal by Eetu Luostarinen - Griffins : 2 - Moose : 4.
1:02 of 2nd period - Adam Werner enters game.
1:03 of 2nd period - Morgan Frost wins face-off versus Eetu Luostarinen in neutral zone.
1:15 of 2nd period - Off-side.
1:16 of 2nd period - Jake Leschyshyn wins face-off versus Morgan Frost in neutral zone.
1:25 of 2nd period - Slapshot by Julien Gauthier.
1:25 of 2nd period - Shot Misses the Net.
1:27 of 2nd period - Slapshot by Caleb Jones.
1:27 of 2nd period - Shot Misses the Net.
1:29 of 2nd period - Snap shot by Caleb Jones.
1:29 of 2nd period - Shot Blocked by Morgan Frost.
1:45 of 2nd period - Off-side.
1:46 of 2nd period - Christoffer Ehn wins face-off versus Reid Boucher in neutral zone.
1:49 of 2nd period - Eetu Luostarinen is hit by Joonas Lyytinen and loses puck.
1:54 of 2nd period - Wrist shot by Christoffer Ehn.
1:54 of 2nd period - Stopped by Filip Gustavsson without a rebound.
1:55 of 2nd period - Morgan Frost wins face-off versus Reid Boucher in Moose zone.
1:58 of 2nd period - Slapshot by Sonny Milano.
1:58 of 2nd period - Stopped by Filip Gustavsson without a rebound.
1:59 of 2nd period - Morgan Frost wins face-off versus Jake Leschyshyn in Moose zone.
2:12 of 2nd period - Wrist shot by Kevin Fiala.
2:12 of 2nd period - Goal by Kevin Fiala - Griffins : 3 - Moose : 4.
2:13 of 2nd period - Christoffer Ehn wins face-off versus Reid Boucher in neutral zone.
2:24 of 2nd period - Wrist shot by Ludwig Bystrom.
2:24 of 2nd period - Deflect By Reid Boucher.
2:24 of 2nd period - Shot Blocked by Kale Clague.
2:24 of 2nd period - Puck is out of play.
2:25 of 2nd period - Morgan Frost wins face-off versus Jake Leschyshyn in Griffins zone.
2:34 of 2nd period - Slapshot by Juuso Valimaki.
2:34 of 2nd period - Stopped by Adam Werner without a rebound.
2:35 of 2nd period - Jake Leschyshyn wins face-off versus Morgan Frost in Griffins zone.
2:38 of 2nd period - Wrist shot by Julien Gauthier.
2:38 of 2nd period - Stopped by Adam Werner without a rebound.
2:39 of 2nd period - Reid Boucher wins face-off versus Christoffer Ehn in Griffins zone.
3:08 of 2nd period - Snap shot by Ian McCoshen.
3:08 of 2nd period - Deflect By Ludwig Bystrom.
3:08 of 2nd period - Stopped by Filip Gustavsson with a rebound.
3:14 of 2nd period - Snap shot by Morgan Barron.
3:14 of 2nd period - Shot Misses the Net.
3:30 of 2nd period - Slapshot by Sonny Milano.
3:30 of 2nd period - Stopped by Filip Gustavsson with a rebound.
3:38 of 2nd period - Ian McCoshen is hit by Juuso Valimaki and loses puck.
4:09 of 2nd period - Slapshot by Caleb Jones.
4:09 of 2nd period - Shot Blocked by Christoffer Ehn.
4:11 of 2nd period - Snap shot by Eetu Luostarinen.
4:11 of 2nd period - Deflect By Morgan Geekie.
4:11 of 2nd period - Stopped by Adam Werner with a rebound.
4:41 of 2nd period - Wrist shot by Kevin Fiala.
4:41 of 2nd period - Shot Blocked by Adam Ginning.
4:43 of 2nd period - Wrist shot by Joonas Lyytinen.
4:43 of 2nd period - Stopped by Filip Gustavsson without a rebound.
4:44 of 2nd period - Mitchell Stephens wins face-off versus Dominic Turgeon in Moose zone.
4:58 of 2nd period - Snap shot by Boris Katchouk.
4:58 of 2nd period - Stopped by Adam Werner with a rebound.
5:10 of 2nd period - Matthew Benning is hit by Sonny Milano and loses puck.
5:33 of 2nd period - Josh Mahura is hit by Tyler Lewington and loses puck.
5:52 of 2nd period - Icing by Josh Mahura.
5:53 of 2nd period - Maxim Mamin wins face-off versus John Beecher in Moose zone.
6:12 of 2nd period - Minor Penalty to Samuel Poulin for High sticking.
6:13 of 2nd period - Reid Boucher wins face-off versus Christoffer Ehn in Griffins zone.
7:48 of 2nd period - Matthew Benning is hit by Dominic Turgeon and loses puck.
8:12 of 2nd period - Penalty to Samuel Poulin is over, Samuel Poulin is back on ice.
8:25 of 2nd period - Philip Broberg is hit by Josh Mahura and loses puck.
8:30 of 2nd period - Slapshot by Axel Jonsson-Fjallby.
8:30 of 2nd period - Stopped by Adam Werner without a rebound.
8:31 of 2nd period - Morgan Frost wins face-off versus Mitchell Stephens in Griffins zone.
10:41 of 2nd period - Snap shot by Dominic Turgeon.
10:41 of 2nd period - Stopped by Filip Gustavsson with a rebound.
10:43 of 2nd period - Wrist shot by Dominic Turgeon.
10:43 of 2nd period - Stopped by Filip Gustavsson with a rebound.
11:10 of 2nd period - Minor Penalty to Ian McCoshen for Hooking.
11:11 of 2nd period - Reid Boucher wins face-off versus Christoffer Ehn in Griffins zone.
11:25 of 2nd period - Philip Broberg is hit by Morgan Geekie and loses puck.
11:47 of 2nd period - Sebastian Ahaut is hit by Jake Leschyshyn and loses puck.
12:27 of 2nd period - Snap shot by Jake Leschyshyn.
12:27 of 2nd period - Shot Misses the Net.
12:29 of 2nd period - Slapshot by Caleb Jones.
12:29 of 2nd period - Stopped by Adam Werner with a rebound.
12:31 of 2nd period - Slapshot by Jake Leschyshyn.
12:31 of 2nd period - Shot Blocked by Jack Studnicka.
12:33 of 2nd period - Slapshot by Julien Gauthier.
12:33 of 2nd period - Shot Blocked by Tyler Lewington.
13:10 of 2nd period - Penalty to Ian McCoshen is over, Ian McCoshen is back on ice.
13:22 of 2nd period - Slapshot by Morgan Geekie.
13:22 of 2nd period - Deflect By Reid Boucher.
13:22 of 2nd period - Shot Misses the Net.
13:22 of 2nd period - Puck is out of play.
13:23 of 2nd period - Reid Boucher wins face-off versus Morgan Frost in Griffins zone.
13:26 of 2nd period - Snap shot by Morgan Geekie.
13:26 of 2nd period - Stopped by Adam Werner with a rebound.
13:32 of 2nd period - Slapshot by Kale Clague.
13:32 of 2nd period - Shot Blocked by Morgan Geekie.
13:34 of 2nd period - Slapshot by Ian McCoshen.
13:34 of 2nd period - Deflect By Kevin Fiala.
13:34 of 2nd period - Stopped by Filip Gustavsson without a rebound.
13:35 of 2nd period - Kevin Fiala wins face-off versus Eetu Luostarinen in Moose zone.
13:49 of 2nd period - Minor Penalty to Kevin Fiala for Cross-checking.
13:50 of 2nd period - Reid Boucher wins face-off versus Christoffer Ehn in Griffins zone.
14:19 of 2nd period - Icing by Reid Boucher.
14:20 of 2nd period - Dominic Turgeon wins face-off versus Reid Boucher in Moose zone.
15:49 of 2nd period - Penalty to Kevin Fiala is over, Kevin Fiala is back on ice.
15:58 of 2nd period - Off-side.
15:59 of 2nd period - Morgan Frost wins face-off versus Mitchell Stephens in neutral zone.
16:08 of 2nd period - Wrist shot by Sonny Milano.
16:08 of 2nd period - Stopped by Filip Gustavsson with a rebound.
16:10 of 2nd period - Wrist shot by Kevin Fiala.
16:10 of 2nd period - Stopped by Filip Gustavsson with a rebound.
16:12 of 2nd period - Wrist shot by Sonny Milano.
16:12 of 2nd period - Shot Misses the Net.
16:14 of 2nd period - Wrist shot by Kevin Fiala.
16:14 of 2nd period - Stopped by Filip Gustavsson with a rebound.
16:20 of 2nd period - Minor Penalty to Josh Mahura for Tripping.
16:21 of 2nd period - Christoffer Ehn wins face-off versus Reid Boucher in Moose zone.
16:28 of 2nd period - Wrist shot by Christoffer Ehn.
16:28 of 2nd period - Shot Misses the Net.
16:38 of 2nd period - Wrist shot by Sonny Milano.
16:38 of 2nd period - Goal by Sonny Milano - Griffins : 4 - Moose : 4.
16:39 of 2nd period - Reid Boucher wins face-off versus Christoffer Ehn in neutral zone.
17:12 of 2nd period - Snap shot by Jake Leschyshyn.
17:12 of 2nd period - Shot Blocked by Sebastian Ahaut.
17:14 of 2nd period - Wrist shot by Julien Gauthier.
17:14 of 2nd period - Stopped by Adam Werner with a rebound.
17:23 of 2nd period - Icing by Joonas Lyytinen.
17:24 of 2nd period - Dominic Turgeon wins face-off versus Mitchell Stephens in Griffins zone.
17:24 of 2nd period - Dominic Turgeon is hit by Caleb Jones.
17:30 of 2nd period - Slapshot by Logan O'Connor.
17:30 of 2nd period - Stopped by Adam Werner with a rebound.
17:32 of 2nd period - Slapshot by Caleb Jones.
17:32 of 2nd period - Deflect By Sebastian Ahaut.
17:32 of 2nd period - Stopped by Adam Werner with a rebound.
17:34 of 2nd period - Snap shot by Boris Katchouk.
17:34 of 2nd period - Shot Hit the Post.
18:06 of 2nd period - Juuso Valimaki is hit by Ian McCoshen.
18:18 of 2nd period - Slapshot by Juuso Valimaki.
18:18 of 2nd period - Stopped by Adam Werner with a rebound.
18:20 of 2nd period - Snap shot by Jake Leschyshyn.
18:20 of 2nd period - Goal by Jake Leschyshyn - Griffins : 4 - Moose : 5.
18:21 of 2nd period - Jake Leschyshyn wins face-off versus Christoffer Ehn in neutral zone.
18:23 of 2nd period - Ludwig Bystrom is hit by Ian McCoshen and loses puck.
18:46 of 2nd period - Ian McCoshen is hit by Morgan Geekie and loses puck.
19:05 of 2nd period - Snap shot by Logan O'Connor.
19:05 of 2nd period - Stopped by Adam Werner without a rebound.
19:06 of 2nd period - Mitchell Stephens wins face-off versus Dominic Turgeon in Griffins zone.
19:07 of 2nd period - Snap shot by Logan O'Connor.
19:07 of 2nd period - Stopped by Adam Werner with a rebound.
19:09 of 2nd period - Snap shot by Caleb Jones.
19:09 of 2nd period - Stopped by Adam Werner with a rebound.
19:11 of 2nd period - Slapshot by Caleb Jones.
19:11 of 2nd period - Shot Misses the Net.
19:13 of 2nd period - Slapshot by Caleb Jones.
19:13 of 2nd period - Deflect By Jack Studnicka.
19:13 of 2nd period - Stopped by Adam Werner with a rebound.
19:22 of 2nd period - Minor Penalty to Dominic Turgeon for Cross-checking.
19:23 of 2nd period - Christoffer Ehn wins face-off versus Reid Boucher in Griffins zone.
19:23 of 2nd period - Christoffer Ehn is hit by Eetu Luostarinen.
19:56 of 2nd period - Slapshot by Juuso Valimaki.
19:56 of 2nd period - Stopped by Adam Werner without a rebound.
19:57 of 2nd period - Jake Leschyshyn wins face-off versus Connor McMichael in Griffins zone.
Goals for this period are 2 for Griffins vs 3 for Moose.
Shots for this period are 13 for Griffins vs 19 for Moose.
3rd period
0:01 of 3rd period - Reid Boucher wins face-off versus Christoffer Ehn in neutral zone.
0:26 of 3rd period - Matthew Benning is hit by Morgan Frost and loses puck.
1:22 of 3rd period - Penalty to Dominic Turgeon is over, Dominic Turgeon is back on ice.
1:27 of 3rd period - Off-side.
1:28 of 3rd period - Mitchell Stephens wins face-off versus Morgan Frost in neutral zone.
1:36 of 3rd period - Mitchell Stephens is hit by Sonny Milano and loses puck.
1:53 of 3rd period - Maxim Mamin is hit by Morgan Barron and loses puck.
2:05 of 3rd period - Minor Penalty to Adam Ginning for Delaying the game.
2:06 of 3rd period - Christoffer Ehn wins face-off versus Reid Boucher in Moose zone.
2:14 of 3rd period - Wrist shot by Sonny Milano.
2:14 of 3rd period - Shot Misses the Net.
3:19 of 3rd period - Icing by Sebastian Ahaut.
3:20 of 3rd period - Dominic Turgeon wins face-off versus Jake Leschyshyn in Griffins zone.
3:51 of 3rd period - Ludwig Bystrom is hit by Kale Clague and loses puck.
4:03 of 3rd period - Kale Clague is hit by Ludwig Bystrom.
4:05 of 3rd period - Penalty to Adam Ginning is over, Adam Ginning is back on ice.
4:17 of 3rd period - Wrist shot by Boris Katchouk.
4:17 of 3rd period - Stopped by Adam Werner with a rebound.
4:19 of 3rd period - Wrist shot by Mitchell Stephens.
4:19 of 3rd period - Stopped by Adam Werner with a rebound.
4:33 of 3rd period - Josh Mahura is hit by Sonny Milano.
4:36 of 3rd period - Off-side.
4:37 of 3rd period - Aliaksei Protas wins face-off versus Morgan Frost in neutral zone.
5:00 of 3rd period - Snap shot by Josh Mahura.
5:00 of 3rd period - Stopped by Adam Werner with a rebound.
5:14 of 3rd period - Wrist shot by Sonny Milano.
5:14 of 3rd period - Shot Misses the Net.
5:16 of 3rd period - Slapshot by Joonas Lyytinen.
5:16 of 3rd period - Shot Misses the Net.
5:18 of 3rd period - Wrist shot by Joonas Lyytinen.
5:18 of 3rd period - Deflect By Adam Ginning.
5:18 of 3rd period - Stopped by Filip Gustavsson with a rebound.
5:20 of 3rd period - Wrist shot by Sonny Milano.
5:20 of 3rd period - Shot Misses the Net.
5:22 of 3rd period - Slapshot by Joonas Lyytinen.
5:22 of 3rd period - Shot Blocked by Adam Ginning.
5:22 of 3rd period - Adam Ginning from Moose is injured at 5:22 of 3rd period (Bruised Right Foot).
5:23 of 3rd period - Christoffer Ehn wins face-off versus Reid Boucher in Moose zone.
5:32 of 3rd period - Christoffer Ehn is hit by Eetu Luostarinen.
5:36 of 3rd period - Kailer Yamamoto is hit by Ludwig Bystrom and loses puck.
5:56 of 3rd period - Backhand shot by Sonny Milano.
5:56 of 3rd period - Shot Misses the Net.
6:19 of 3rd period - Snap shot by Axel Jonsson-Fjallby.
6:19 of 3rd period - Stopped by Adam Werner with a rebound.
6:23 of 3rd period - Wrist shot by Aliaksei Protas.
6:23 of 3rd period - Stopped by Adam Werner with a rebound.
6:33 of 3rd period - Minor Penalty to Kevin Fiala for Tripping.
6:34 of 3rd period - Jack Studnicka wins face-off versus Reid Boucher in Griffins zone.
6:51 of 3rd period - Snap shot by Reid Boucher.
6:51 of 3rd period - Stopped by Adam Werner without a rebound.
6:52 of 3rd period - Christoffer Ehn wins face-off versus Jake Leschyshyn in Griffins zone.
7:17 of 3rd period - Tyler Lewington is hit by Morgan Geekie and loses puck.
7:28 of 3rd period - Snap shot by Ludwig Bystrom.
7:28 of 3rd period - Goal by Ludwig Bystrom - Griffins : 4 - Moose : 6.
7:29 of 3rd period - Reid Boucher wins face-off versus Christoffer Ehn in neutral zone.
8:10 of 3rd period - Slapshot by Julien Gauthier.
8:10 of 3rd period - Goal by Julien Gauthier - Griffins : 4 - Moose : 7.
8:11 of 3rd period - Reid Boucher wins face-off versus Christoffer Ehn in neutral zone.
8:31 of 3rd period - Minor Penalty to Grigori Denisenko for Delaying the game.
8:32 of 3rd period - Christoffer Ehn wins face-off versus Reid Boucher in Griffins zone.
8:32 of 3rd period - Christoffer Ehn is hit by Ludwig Bystrom.
9:42 of 3rd period - Philip Broberg is hit by Reid Boucher and loses puck.
10:31 of 3rd period - Penalty to Grigori Denisenko is over, Grigori Denisenko is back on ice.
10:41 of 3rd period - Sebastian Ahaut is hit by Ludwig Bystrom and loses puck.
10:54 of 3rd period - Sebastian Ahaut is hit by Matthew Benning and loses puck.
11:05 of 3rd period - Grigori Denisenko is hit by Caleb Jones.
11:22 of 3rd period - Slapshot by Maxim Mamin.
11:22 of 3rd period - Shot Blocked by Josh Mahura.
12:13 of 3rd period - Kevin Fiala is hit by Ludwig Bystrom and loses puck.
12:50 of 3rd period - Wrist shot by Christoffer Ehn.
12:50 of 3rd period - Stopped by Filip Gustavsson without a rebound.
12:51 of 3rd period - Kailer Yamamoto wins face-off versus Mitchell Stephens in Moose zone.
13:07 of 3rd period - Grigori Denisenko is hit by Juuso Valimaki and loses puck.
13:39 of 3rd period - Sonny Milano is hit by Morgan Geekie and loses puck.
13:46 of 3rd period - Slapshot by Reid Boucher.
13:46 of 3rd period - Stopped by Adam Werner with a rebound.
13:57 of 3rd period - Off-side.
13:58 of 3rd period - Mitchell Stephens wins face-off versus Maxim Mamin in neutral zone.
14:23 of 3rd period - Sebastian Ahaut is hit by Eetu Luostarinen and loses puck.
14:47 of 3rd period - Minor Penalty to Grigori Denisenko for Slashing.
14:48 of 3rd period - Reid Boucher wins face-off versus Christoffer Ehn in Griffins zone.
15:04 of 3rd period - Snap shot by Eetu Luostarinen.
15:04 of 3rd period - Shot Misses the Net.
15:23 of 3rd period - Wrist shot by Morgan Barron.
15:23 of 3rd period - Shot Blocked by Ian McCoshen.
16:02 of 3rd period - Ludwig Bystrom is hit by Morgan Frost and loses puck.
16:47 of 3rd period - Penalty to Grigori Denisenko is over, Grigori Denisenko is back on ice.
16:51 of 3rd period - Matthew Benning is hit by Grigori Denisenko and loses puck.
17:07 of 3rd period - Off-side.
17:08 of 3rd period - Mitchell Stephens wins face-off versus Maxim Mamin in neutral zone.
17:31 of 3rd period - Caleb Jones is hit by Jack Studnicka and loses puck.
18:00 of 3rd period - Grigori Denisenko is hit by Julien Gauthier and loses puck.
18:11 of 3rd period - Sebastian Ahaut is hit by Juuso Valimaki and loses puck.
18:22 of 3rd period - Boris Katchouk is hit by Grigori Denisenko and loses puck.
18:35 of 3rd period - Boris Katchouk is hit by Christoffer Ehn and loses puck.
18:44 of 3rd period - Wrist shot by Kailer Yamamoto.
18:44 of 3rd period - Shot Blocked by Logan O'Connor.
18:46 of 3rd period - Slapshot by Kale Clague.
18:46 of 3rd period - Shot Blocked by Juuso Valimaki.
18:48 of 3rd period - Slapshot by Christoffer Ehn.
18:48 of 3rd period - Deflect By Kailer Yamamoto.
18:48 of 3rd period - Stopped by Filip Gustavsson with a rebound.
18:50 of 3rd period - Slapshot by Kale Clague.
18:50 of 3rd period - Shot Hit the Post.
18:54 of 3rd period - Backhand shot by Kailer Yamamoto.
18:54 of 3rd period - Stopped by Filip Gustavsson without a rebound.
18:55 of 3rd period - Morgan Frost wins face-off versus Reid Boucher in Moose zone.
19:00 of 3rd period - Snap shot by Kevin Fiala.
19:00 of 3rd period - Stopped by Filip Gustavsson without a rebound.
19:01 of 3rd period - Reid Boucher wins face-off versus Morgan Frost in Moose zone.
19:14 of 3rd period - Slapshot by Ludwig Bystrom.
19:14 of 3rd period - Stopped by Adam Werner with a rebound.
19:32 of 3rd period - Julien Gauthier is hit by Tyler Lewington.
19:51 of 3rd period - Off-side.
19:52 of 3rd period - Morgan Frost wins face-off versus John Beecher in neutral zone.
19:59 of 3rd period - Snap shot by Morgan Frost.
19:59 of 3rd period - Shot Blocked by Juuso Valimaki.
Goals for this period are 0 for Griffins vs 2 for Moose.
Shots for this period are 5 for Griffins vs 10 for Moose.